Map: Frozen Temple

Players

Icosa

  • Race: Protoss Protoss
  • League: Gold

Stensson - Winner!

  • Race: Terran Terran
  • League: Gold

VOD

Have the link to the VOD?

Description

TvP mech game

Time

  • Played on: Aug. 19, 2016, 11 a.m.
  • Length: 11:53
Show
View Real Time Build Order
Export as new Build Order

Icosa Protoss 

Build Orders: 1 Gate Expand 

Get SALT Encoding   

  12  0:01  Probe (Chrono Boost)  
  13  0:12  Probe (Chrono Boost)  
  14  0:19  Pylon  
  14  0:22  Probe (Chrono Boost)  
  15  0:39  Gateway  
  15  0:41  Assimilator  
  15  0:43  Probe (Chrono Boost)  
  16  0:53  Probe (Chrono Boost)  
  17  1:05  Probe (Chrono Boost)  
  18  1:21  Nexus  
  18  1:24  Probe (Chrono Boost)  
  19  1:31  Cybernetics Core  
  19  1:40  Assimilator  
  19  1:41  Probe (Chrono Boost)  
  20  1:52  Probe (Chrono Boost), Pylon  
  21  2:03  Probe (Chrono Boost)  
  22  2:14  Probe (Chrono Boost)  
  22  2:15  Robotics Facility  
  23  2:20  Adept  
  26  2:41  Mothership Core (Chrono Boost)  
  27  2:58  Probe (Chrono Boost)  
  27  3:02  Observer  
  28  3:09  Probe (Chrono Boost)  
  30  3:20  Pylon  
  30  3:21  Probe (Chrono Boost)  
  30  3:25  Probe (Chrono Boost)  
  31  3:29  Gateway, Immortal  
  31  3:30  Gateway  
  31  3:40  Adept  
  37  3:44  Probe (Chrono Boost)  
  37  3:46  Probe (Chrono Boost)  
  39  3:56  Probe (Chrono Boost)  
  39  3:58  Probe (Chrono Boost)  
  39  4:00  Pylon  
  39  4:01  Pylon  
  40  4:20  Probe (Chrono Boost)  
  40  4:21  Probe (Chrono Boost)  
  40  4:22  Adept x2, Stalker  
  48  4:30  Probe (Chrono Boost)  
  49  4:33  Probe (Chrono Boost)  
  49  4:36  Robotics Bay  
  50  4:40  Pylon  
  50  4:51  Stalker x2  
  54  4:56  Probe (Chrono Boost)  
  54  4:58  Probe (Chrono Boost)  
  56  5:07  Probe (Chrono Boost), Stalker  
  59  5:10  Probe (Chrono Boost)  
  60  5:19  Assimilator  
  60  5:23  Assimilator  
  66  5:48  Probe (Chrono Boost)  
  66  5:50  Probe (Chrono Boost)  
  66  5:54  Observer  
  48  6:42  Pylon x2  
  48  6:49  Probe (Chrono Boost)  
  48  6:51  Probe (Chrono Boost)  
  50  6:58  Colossus  
  51  7:03  Probe (Chrono Boost)  
  57  7:22  Stalker x3  
  63  7:40  Pylon  
  63  7:41  Extended Thermal Lance  
  63  7:45  Colossus  
  63  7:52  Stalker  
  71  8:05  Adept  
  71  8:06  Adept  
  75  8:16  Gateway  
  75  8:17  Probe (Chrono Boost)  
  75  8:18  Probe (Chrono Boost), Gateway  
  77  8:20  Gateway  
  77  8:30  Adept, Probe x2 (Chrono Boost)  
  81  8:35  Warp Gate  
  81  8:37  Adept  
  81  8:38  Adept  
  85  9:02  Probe (Chrono Boost)  
  86  9:10  Pylon  
  86  9:21  Colossus  
  86  9:22  Nexus  
  86  9:28  Adept  
  94  9:54  Pylon  
  94  9:56  Pylon  
  94  9:58  Pylon  
  94  10:12  Adept x4  
  102  10:14  Adept  
  102  10:16  Probe x2 (Chrono Boost)  
  107  10:28  Probe x2 (Chrono Boost), Observer  
  107  10:33  Adept  
  110  10:43  Forge  
  110  10:45  Adept x3  
  110  10:46  Adept  
  110  10:47  Adept  
  120  11:09  Adept  
Show
View Real Time Build Order
Export as new Build Order

Stensson Terran - Winner!

Build Orders: Mech, Banshee Rush 

Get SALT Encoding   

  12  0:01  SCV  
  13  0:13  SCV  
  14  0:22  Supply Depot  
  14  0:25  SCV  
  15  0:31  Refinery  
  15  0:43  SCV  
  15  0:46  Barracks  
  16  0:55  SCV  
  17  0:57  Refinery  
  17  1:08  SCV  
  17  1:11  Supply Depot  
  18  1:20  SCV  
  20  1:33  Reaper  
  20  1:34  Orbital Command  
  20  1:48  Factory  
  20  2:00  SCV  
  21  2:16  Barracks Tech Lab  
  21  2:19  Supply Depot  
  21  2:23  SCV  
  22  2:44  Starport  
  22  2:53  SCV  
  22  2:56  Command Center  
  23  3:06  Siege Tank  
  23  3:09  SCV  
  27  3:21  SCV  
  27  3:24  Barracks Tech Lab  
  27  3:25  Starport Tech Lab  
  28  3:33  SCV  
  29  3:42  Starport  
  29  3:44  Banshee  
  29  3:45  Cloaking Field  
  29  3:47  SCV  
  33  3:51  Siege Tank  
  36  3:59  SCV  
  37  4:09  Supply Depot  
  37  4:10  Orbital Command  
  37  4:13  SCV  
  37  4:15  Supply Depot  
  38  4:26  Supply Depot  
  38  4:27  Supply Depot  
  38  4:31  Banshee, Orbital Command  
  41  4:54  Engineering Bay  
  41  4:59  SCV  
  43  5:00  SCV  
  43  5:02  Refinery, Banshee  
  43  5:05  Refinery  
  46  5:12  SCV x2  
  46  5:13  Siege Tank  
  51  5:20  Banshee  
  54  5:24  SCV x2  
  56  5:35  Missile Turret  
  56  5:37  Missile Turret  
  56  5:38  SCV x2  
  58  5:50  SCV  
  58  5:51  SCV  
  58  5:53  Banshee  
  63  6:02  SCV  
  63  6:03  Banshee, SCV  
  68  6:42  Banshee  
  68  6:45  SCV x2  
  73  6:56  Command Center  
  73  6:57  SCV x2  
  73  7:00  Missile Turret  
  73  7:01  Hi-Sec Auto Tracking  
  75  7:02  Missile Turret  
  75  7:07  Armory  
  75  7:09  SCV x2  
  75  7:10  Armory  
  77  7:21  Factory  
  77  7:26  Starport  
  77  7:30  Factory  
  77  7:54  Supply Depot  
  77  7:57  Siege Tank  
  80  8:05  Banshee x2  
  83  8:08  Terran Ship Weapons Level 1  
  83  8:09  Terran Vehicle And Ship Armor Level 1  
  86  8:13  Barracks  
  86  8:17  Supply Depot, Armory  
  86  8:28  SCV x2  
  88  8:41  Factory Tech Lab, Starport Reactor  
  88  8:43  Factory Reactor  
  88  8:46  Supply Depot  
  88  8:47  Missile Turret  
  88  8:50  Planetary Fortress  
  88  8:56  Refinery  
  88  8:58  Siege Tank, Refinery, Banshee  
  94  9:11  Supply Depot  
  94  9:17  Factory  
  94  9:19  SCV x2  
  96  9:30  Missile Turret  
  96  9:31  SCV  
  96  9:34  SCV  
  96  9:35  SCV  
  99  9:39  Supply Depot  
  99  9:44  SCV  
  99  9:45  Command Center  
  100  9:53  Terran Vehicle Weapons Level 1  
  100  9:59  Missile Turret  
  100  10:07  Supply Depot  
  100  10:11  Factory Tech Lab  
  100  10:12  Thor x2  
  112  10:15  Widow Mine x2  
  112  10:17  Viking x2  
  120  10:23  Raven  
  120  10:24  Raven  
  124  10:31  SCV x3  
  127  10:39  Fusion Core  
  127  10:52  Supply Depot  
  127  11:26  Refinery x2  
Tags
 
Composition
Mech
League
GoldGold
Matchup
PvT
Strategy
Banshee Rush
Add a new tag
Caveats
  • Supply blocks, unpowered buildings, or Contaminate may cause inaccurate times.
  • Supply counts are checked every 10 seconds.